Bacon, chaotic female vampiric Wizard ---- -------- ---- |..| ---- --.|.--.---..|.--- --..--...| --- |........|.......----- |........-- --.| -----.................|..| --.-- --.........---- |..| |..|... ..---............| |...----.............| --.| ---@j.........)...... .....-- --.....|......).).....| |.-- |..j---.....-------.........| |............[..--....-- |..| ---.--- ---...- |.*...*..-- --..............--.....| |..| |...| ---.--. ----.....--- --................---.-- ---..--- ---.--- |...| |....|...| |..............--.--------......---...| --.--- ---.-..|--.--- |-[.........^..............!........--- |...| |.....-- |....-- |.........---------..------.. ......| |..--- ---.----- ---...| --.|......---- ---..-- |...| --.-- ----........| --..| ---..-- --- |.......--- --.| |.....-- ----------.%...--- --- |...^..| --..<..>..%))..-- ---....| |...-----......| ---.-- --.-- -.|.--- ----- Bacon the Thaumaturge Experience level: 6 Strength: 11 Dexterity: 15 Constitution: 14 Intelligence: 17 Wisdom: 11 Charisma: 10 Health: 0(41) Energy: 84(90) AC: 9 Gold: 381 Moves: 2017 Your Inventory: Coins $ - 381 gold pieces Weapons a - a blessed +1 quarterstaff z - an uncursed +0 orcish dagger (weapon in hand) E - an uncursed +0 dagger (in quiver) H - a [blessed +3] dagger Armor b - an uncursed +0 cloak of magic resistance (being worn) s - a blessed +0 cloak of invisibility Comestibles n - an [uncursed] food ration Scrolls h - 2 uncursed scrolls of identify i - an uncursed scroll of magic mapping p - an uncursed scroll of gold detection A - an uncursed scroll of taming Spellbooks k - a blessed spellbook of force bolt l - an uncursed spellbook of knock Potions f - 2 uncursed potions of blindness g - an uncursed potion of fruit juice q - an uncursed potion of invisibility w - an uncursed potion of levitation Rings d - an uncursed ring of regeneration e - an uncursed ring of conflict Wands c - an uncursed wand of fire (0:5) Gems v - 3 [uncursed] white gems [opal] C - an [uncursed] blue gem [worthless glass] D - an [uncursed] yellow gem [worthless glass] G - an [uncursed] white gem [worthless glass] Spells known in the end: Name Level Category Fail Memory a - force bolt 1 attack 0% [||||||||] b - knock 1 matter 0% [||||||||] Your skills at the end: Fighting Skills Weapon Skills quarterstaff [Basic / Expert] Spellcasting Skills attack spells [Basic / Expert] enchantment spells [Basic / Skilled] Final Attributes: You were devoutly aligned. Hunger level was 70. Your alignment was 19 / 20. Monster difficulty range was 0 - 5. Level difficulty was 5. You were immune to level-drain. You were magic-protected. You could fly. You could survive without air. You regenerated. Your luck was zero. You are dead. Vanquished creatures: a shrieker 2 gnome lords a gnomish wizard a little dog a floating eye 3 dwarves an iguana an acid blob 5 coyotes a gas spore a hobgoblin 3 cave spiders a brown mold a yellow mold 9 gnomes a gecko a jackal a fox a kobold a sewer rat 4 grid bugs 5 lichens 6 newts 52 creatures vanquished. Voluntary challenges: You used a wielded weapon 24 times. You read items or engraved 4 times. You put on armor 1 time. You never genocided any monsters. You never polymorphed an object. You never changed form. You used no wishes. You never wrote Elbereth's name. You never encountered a bones level. You never used any Sokoban shortcuts. Dungeon overview: The Dungeons of Doom: levels 1 to 5 Level 1 a fountain a long staircase Level 2 a sink Level 3 an altar, a fountain Level 4 stairs to The Gnomish Mines The Gnomish Mines: Level 5 <- You were here stairs to The Dungeons of Doom History has recorded: On T:1 you entered the Dungeons of Doom to retrieve the Amulet of Yendor! On T:327 you advanced to experience level 2. On T:374 you reached level 2 of The Dungeons of Doom. On T:547 you advanced to experience level 3. On T:707 you advanced to experience level 4. On T:834 you reached level 3 of The Dungeons of Doom. On T:1208 you reached level 4 of The Dungeons of Doom. On T:1240 you advanced to experience level 5. On T:1501 you reached level 1 of The Gnomish Mines. On T:1531 you reached level 5 of The Dungeons of Doom. On T:1586 you advanced to experience level 6. Latest messages: [HP+1=39] [HP+1=40] [HP+1=41] You notice a loose board below you. (2x) You are beginning to feel hungry. A trap door in the ceiling opens and a rock falls on your head! [HP-7=34] [HP+1=35] [HP+1=36] [HP+1=37] [HP+1=38] [HP+1=39] [HP+1=40] [HP+1=41] You miss the blue jelly. You are suddenly very cold! You miss the blue jelly. You are suddenly very cold! The blue jelly multiplies from your heat! [HP-39=2] You hit the blue jelly. You are suddenly very cold! You die... Final status: Goodbye Bacon the Wizard... You died in The Gnomish Mines on dungeon level 5 with 1787 points, and 381 pieces of gold, after 2017 moves. You were level 6 with a maximum of 41 hit points when you died.